 Dungeon Crawl Stone Soup version 0.20.0-10-g0535bb4 (webtiles) character file.

1107 grindst0ne the Protected (level 8, -2/52 HPs)
             Began as a Gargoyle Fighter on June 3, 2017.
             Was an Initiate of Okawaru.
             Splashed by an orc's acid (17 damage)
             ... on level 6 of the Dungeon.
             The game lasted 00:11:11 (5444 turns).

grindst0ne the Protected (Gargoyle Fighter)         Turns: 5444, Time: 00:11:12

Health: -2/52      AC:  8    Str: 21    XL:     8   Next: 33%
Magic:  8/8        EV:  9    Int:  8    God:    Okawaru [......]
Gold:   257        SH:  9    Dex: 11    Spells: 7/7 levels left

rFire    . . .     SeeInvis .   a - +0 war axe
rCold    . . .     Gourm    .   c - +0 shield
rNeg     + . .     Faith    .   b - +0 scale mail
rPois    ∞         Spirit   .   (helmet restricted)
rElec    +         Reflect  .   (no cloak)
rCorr    .         Harm     .   x - +0 pair of gloves
MR       .....     Clarity  +   F - +0 pair of boots
Stlth    ..........             (no amulet)
Regen    0.2/turn               (no ring)
MPRegen  0.2/turn               (no ring)

@: corroded
A: antennae 1, repulsion field 1, clarity, negative energy resistance 1,
electricity resistance, unbreathing, petrification resistance, rot immunity, AC
+5
a: Renounce Religion


You were on level 6 of the Dungeon.
You worshipped Okawaru.
Okawaru was noncommittal.
You were not hungry.

You visited 2 branches of the dungeon, and saw 8 of its levels.
You also visited: Ossuary.

You collected 443 gold pieces.
You spent 186 gold pieces at shops.

Inventory:

Hand Weapons
 a - a +0 war axe (weapon)
Armour
 b - a +0 scale mail (worn)
 c - a +0 shield (worn)
 x - a +0 pair of gloves (worn)
 y - a +0 pair of gloves
 F - a +0 pair of boots (worn)
Jewellery
 i - the ring "Plog" {*Tele *Contam Str+3 Int+5 Stlth+, unknown}
   (You found it on level 6 of the Dungeon)

   [ring of teleportation]

   It may teleport you next to monsters.
   It affects your strength (+3).
   It affects your intelligence (+5).
   It causes magical contamination when unequipped.
   It makes you more stealthy.
 s - a +6 ring of protection {unknown}
Wands
 z - a wand of confusion (29/48)
Scrolls
 d - 2 scrolls of blinking
 e - 3 scrolls of enchant armour
 h - 4 scrolls of remove curse
 k - 5 scrolls of teleportation
 o - 4 scrolls of magic mapping
 p - 3 scrolls of fog
 q - 2 scrolls of amnesia {unknown}
 u - a scroll of vulnerability {unknown}
 A - a scroll of fear {unknown}
 B - a scroll of recharging {unknown}
 E - 2 scrolls of immolation {unknown}
Potions
 j - 2 potions of degeneration
 l - 3 potions of curing
 n - a potion of magic
 w - 2 potions of invisibility
 C - 2 potions of berserk rage
 D - 2 potions of heal wounds
Books
 t - a book of Conjurations

   Spells                             Type                      Level
   a - Magic Dart                     Conjuration                  1
   b - Searing Ray                    Conjuration                  2
   c - Dazzling Spray                 Conjuration/Hexes            3
   d - Fulminant Prism                Conjuration/Hexes            4
   e - Force Lance                    Conjuration/Translocation    4
   f - Iskenderun's Mystic Blast      Conjuration                  4
Comestibles
 f - 5 bread rations
 g - 2 royal jellies
 m - 4 fruits
 r - 3 chunks of flesh
 v - 5 meat rations


   Skills:
 - Level 6.3 Fighting
 - Level 1.7 Axes
 + Level 9.5 Armour
 - Level 3.2 Shields


You had 7 spell levels left.
You didn't know any spells.

Dungeon Overview and Level Annotations

Branches:
Dungeon (7/15)             Temple (1/1) D:6

Altars:
Ashenzari
Cheibriados
Dithmenos
Fedhas
Gozag
Hepliaklqana
Kikubaaqudgha
Makhleb
Nemelex Xobeh
Okawaru
Qazlal
Ru
Sif Muna
Xom
Yredelemnul
Zin
The Shining One

Shops:
D:4 ?


Innate Abilities, Weirdness & Mutations

You are resistant to torment.
Your stone body is resilient. (AC +5)
You are immune to poison.
You resist negative energy. (rN+)
You are resistant to electric shocks. (rElec)
You can survive without breathing.
You are immune to petrification.
You are immune to rotting.
You have a pair of small antennae on your head.
You are surrounded by a mild repulsion field. (EV +2)
You possess an exceptional clarity of mind.


Message History

You closely miss the orc. The orc hits you but does no damage.
You barely miss the orc. You block the orc's attack.
The orc zaps a wand.
The bolt of acid hits the orc.
The orc is splashed with acid.
The orc dies!
The bolt of acid hits you!
You are splashed with acid!
The acid burns!
It is a wand of acid (?/15).
The orc zaps a wand.
The bolt of acid hits you! The acid corrodes you!
You are splashed with acid!
The acid burns!
* * * LOW HITPOINT WARNING * * *
Found a shadowy altar of Dithmenos.
The orc zaps a wand.
The bolt of acid misses you.
You feel better.
You feel better. You block the orc's attack.
You completely miss the orc. The orc hits you but does no damage.
The orc zaps a wand.
The bolt of acid hits the orc.
The orc is splashed with acid.
The orc dies!
The bolt of acid hits you!
* * * LOW HITPOINT WARNING * * *
The acid corrodes you!
You are splashed with acid!
The acid burns!
You die...

***,.._...#*##.........#*,,,,,,,,
**,,.......##..........#*,,,,,,,,
,,,,...................#*********
,,**,...,*#..o.........##
,***,,#..*##.#o.........#########
,**,,**#..##.#..........##......#
,,,,,**#..)(o#.######...##......#
*,*,,,#...##..o######...##......#
,,,,.....,*###.)@...............#
****####*** ##########.........#
*******########### #....##'###
*,,,*,,..........###....##.#
*,,,*,,............#....##(#
*,,,*,,............#....##.###
*,,,*,,............#....##....
*,,,,,,..<.####....###########
*,,,,,,.,,,#..'...............


You could see 2 orcs.

Vanquished Creatures
  4 ogres
  A centaur (D:6)
  A crimson imp (D:5)
  A human zombie (Ossuary)
  A centaur zombie (Ossuary)
  2 hounds
  Natasha (thrice) (D:4)
  2 orc wizards
  2 worker ants
  4 ogre zombies (Ossuary)
  A hound skeleton (D:5)
  8 mummies
  A gnoll (D:1)
  5 adders
  2 oozes (D:1)
  2 adder skeletons
  3 adder zombies (Ossuary)
  2 worms
  3 leopard geckos
  12 orcs
  2 bats
  2 giant cockroaches (D:2)
  5 goblins
  8 hobgoblins
  4 jackals
  6 kobolds
  A quokka (D:4)
  5 frilled lizards
  A giant cockroach zombie (D:5)
  8 goblin zombies (Ossuary)
  4 hobgoblin zombies (Ossuary)
  2 kobold zombies (Ossuary)
  An orc zombie (Ossuary)
  A quokka skeleton (D:4)
  4 quokka zombies (Ossuary)
  A rat (D:1)
  2 rat zombies (Ossuary)
117 creatures vanquished.

Vanquished Creatures (others)
  2 orcs (D:6)
2 creatures vanquished.

Grand Total: 119 creatures vanquished

Notes
Turn   | Place    | Note
-------+----------+-------------------------------------------
     0 | D:1      | grindst0ne the Gargoyle Fighter began the quest for the Orb.
     0 | D:1      | Reached XP level 1. HP: 14/14 MP: 1/1
   174 | D:1      | Reached XP level 2. HP: 18/20 MP: 2/2
   463 | D:1      | Reached XP level 3. HP: 20/24 MP: 3/3
   694 | D:2      | Reached skill level 5 in Fighting
   815 | D:2      | Found a sacrificial altar of Ru.
   855 | D:2      | Reached XP level 4. HP: 30/31 MP: 4/4
  1384 | D:3      | Found a sparkling altar of Nemelex Xobeh.
  1386 | D:3      | Found a shimmering altar of Xom.
  1386 | D:3      | Found an opulent altar of Gozag.
  1392 | D:3      | Found a bloodstained altar of Trog.
  1392 | D:3      | Found a blossoming altar of Fedhas.
  1392 | D:3      | Found a basalt altar of Yredelemnul.
  2028 | D:3      | Reached XP level 5. HP: 35/36 MP: 5/5
  2116 | D:4      | Found Roufug's Magic Scroll Boutique.
  2130 | D:4      | Bought a scroll of identify for 24 gold pieces
  2130 | D:4      | Bought a scroll of magic mapping for 42 gold pieces
  2130 | D:4      | Bought a scroll of identify for 24 gold pieces
  2130 | D:4      | Bought a scroll of remove curse for 36 gold pieces
  2130 | D:4      | Bought a scroll of fog for 24 gold pieces
  2130 | D:4      | Bought a scroll of teleportation for 36 gold pieces
  2247 | D:4      | Noticed an ogre
  2253 | D:4      | Killed an ogre
  2253 | D:4      | Reached skill level 5 in Armour
  2253 | D:4      | Reached XP level 6. HP: 24/42 MP: 6/6
  2476 | D:4      | Noticed Natasha
  2478 | D:4      | Killed Natasha
  2961 | D:4      | Noticed Natasha
  2969 | D:4      | Killed Natasha
  2969 | D:4      | Reached skill level 6 in Armour
  3237 | D:4      | Reached XP level 7. HP: 46/47 MP: 7/7
  3259 | D:4      | Noticed Natasha
  3266 | D:4      | Killed Natasha
  3293 | D:4      | Reached skill level 7 in Armour
  3346 | D:5      | Entered Level 5 of the Dungeon
  3377 | D:5      | Found an opulent altar of Gozag.
  3648 | D:5      | You fall through a shaft for 2 floors!
  3728 | D:6      | Reached skill level 8 in Armour
  3737 | D:6      | Found a sand-covered staircase.
  3747 | Ossuary  | Entered an ossuary
  3989 | Ossuary  | Reached XP level 8. HP: 49/52 MP: 8/8
  4208 | Ossuary  | Reached skill level 9 in Armour
  4614 | Ossuary  | Gained mutation: You are partially covered in iridescent scales. (AC +2) [potion of mutation]
  4614 | Ossuary  | Gained mutation: Scrolls take you a little longer to read. [potion of mutation]
  4614 | Ossuary  | Gained mutation: You have a pair of small antennae on your head. [potion of mutation]
  4615 | Ossuary  | Lost mutation: Scrolls take you a little longer to read. [potion of mutation]
  4615 | Ossuary  | Lost mutation: You have a pair of small antennae on your head. [potion of mutation]
  4615 | Ossuary  | Lost mutation: You are partially covered in iridescent scales. (AC +2) [potion of mutation]
  4615 | Ossuary  | Gained mutation: You possess an exceptional clarity of mind. [potion of mutation]
  4615 | Ossuary  | Gained mutation: You are surrounded by a mild repulsion field. (EV +2) [potion of mutation]
  4615 | Ossuary  | Gained mutation: You have a pair of small antennae on your head. [potion of mutation]
  4954 | D:6      | Found a staircase to the Ecumenical Temple.
  4998 | Temple   | Entered the Ecumenical Temple
  5218 | Temple   | Became a worshipper of Warmaster Okawaru
  5276 | D:6      | Got a warped brass ring
  5434 | D:6      | Found a shadowy altar of Dithmenos.
  5444 | D:6      | Splashed by an orc's acid

Skill      XL: |  1  2  3  4  5  6  7  8 |
---------------+-------------------------+-----
Fighting       | 4 5 6 |  6.3
Armour         | 5 6 8 9 |  9.5
Axes           | |  1.7
Shields        | |  3.2

Action                   |  1- 3 |  4- 6 |  7- 9 || total
-------------------------+-------+-------+-------++-------
Melee: War axe           |   140 |   131 |   237 ||   508
  Use: Potion            |       |     1 |     4 ||     5
       Scroll            |       |       |    10 ||    10
  Eat: Chunk             |       |     8 |     3 ||    11
       Bread ration      |       |       |     1 ||     1
Armor: Scale mail        |    74 |    68 |   104 ||   246
Dodge: Dodged            |    45 |    44 |    68 ||   157
Block: Shield            |    72 |    75 |   105 ||   252
